[Event "French-ch Youth U18 2022"]
[Site "Agen"]
[Date "2022.04.22"]
[Round "7.5"]
[White "Blanquet, Camille"]
[Black "Courjal, Pauline"]
[Result "1-0"]
[ECO "D30"]
[WhiteElo "1928"]
[BlackElo "1976"]
[Annotator "TA"]
[PlyCount "121"]
[EventDate "2022.04.17"]
[EventType "swiss"]
[EventCountry "FRA"]
[SourceTitle "playchess.com"]
[Source "ChessBase"]
[SourceQuality "1"]
[TimeControl "5400+30"]

1. d4 d5 2. c4 e6 3. Nf3 c5 4. cxd5 exd5 5. g3 Nc6 6. Bg2 Nf6 7. O-O Be7 8. dxc5 Bxc5 9. a3 Ne4 {[%emt 0:01:54] D30: Queen's Gambit Declined: Systems without Nc3.} 10. Nfd2 Bf5 11. Nxe4 dxe4 {[%emt 0:02:24] [#] White is slightly better.} 12. Qc2 $146 (12. Bf4 $14) ({Predecessor:} 12. Qa4 Qe7 13. Nc3 Bd4 14. Bf4 O-O 15. Nd5 Qc5 16. Ne3 Bg6 17. b4 Qe7 18. Rad1 {1-0 (28) Goldie,T (2193)-Golding,J (1919) Prague 2016}) 12... Qe7 $1 $11 13. Nc3 Nd4 14. Qa4+ Bd7 15. Qd1 {[%emt 0:00:37] aiming for Be3.} Bc6 16. b4 Bb6 17. Be3 Rd8 18. Qb1 $1 Qe5 {[%emt 0:09:07] Prevents b5.} (18... O-O $14) 19. b5 ({White should play} 19. a4 $1 $16 ) 19... Nxb5 20. Nxb5 Bxe3 ({Don't do} 20... Bxb5 21. Bxb6 axb6 22. Bxe4 $16) ({Resist} 20... Qxb5 21. Qxb5 Bxb5 22. Bxb6 axb6 23. Bxe4 $14) 21. fxe3 Qxb5 22. Bxe4 Qe5 (22... Qxe2 $2 23. Bxc6+ bxc6 24. Qe4+ Kf8 25. Rab1 $18) 23. Bxc6+ bxc6 24. Qb3 O-O 25. Rac1 Rd6 26. Qc3 Qe6 27. Rf4 h5 28. Qc5 a6 29. Rcf1 Rd5 30. Qc3 Re5 31. Qc4 (31. R1f3 $11) 31... Rxe3 $17 32. Qxe6 Rxe6 {[%emt 0:00:04][%mdl 4096] Endgame KRR-KRR} 33. Ra4 c5 34. Rf5 Rc8 35. Rc4 Rxe2 36. Rfxc5 Rxc5 37. Rxc5 {[%emt 0:00:02] KR-KR} g6 38. Ra5 Re6 39. Kf2 Kg7 40. Kf3 Kf6 41. Kf4 Ke7 42. Kg5 Kd7 (42... Re2 $1 $17) 43. Kf4 (43. Kh6 $11) 43... Kc7 (43... f6 $17) 44. Kf3 {[%emt 0:00:30] [#]} (44. Kg5 $1 $11 {keeps the balance.}) 44... Kb6 $1 45. Rd5 Rc6 46. Ke4 Rc3 47. Rd7 (47. Rd6+ $17 Kb5 48. a4+ Ka5 49. Rf6) 47... f5+ $2 (47... Rxa3 $19 {And now ...f5+ would win.} 48. Rxf7 Rc3) 48. Kd4 Rxa3 (48... Rc6 $11) 49. Rd6+ Kb5 {[%emt 0:00:06] ...Ra4+ is the strong threat.} 50. Rxg6 {[%emt 0:00:33] [#]} Ra4+ ({Better is} 50... h4 $1 $17) 51. Kc3 $11 Rg4 52. Rg5 Rc4+ $2 (52... Rxg5 {mates} 53. Kc2 Rg4 54. Kd3 a5 55. h3 Rb4 56. Ke2 a4 57. g4 a3 58. Kf3 h4 59. g5 a2 60. g6 a1=Q 61. Kf2 Qd4+ 62. Kf1 Rb2 63. Ke1 Qg1#) 53. Kb3 {[%emt 0:00:19] The position is equal.} Rc5 54. Rxh5 a5 55. Rh8 a4+ 56. Kb2 Re5 57. Rb8+ Kc4 58. Rc8+ Kd3 59. Ka3 Re3 60. Rg8 Re4 61. Rg7 {[%emt 0:00:25][%mdl 32768] Weighted Error Value: White=0.35/Black=0.28 (precise) . Loss on time!?} 1-0

[Event "French-ch Youth U18 2022"]
[Site "Agen"]
[Date "2022.04.22"]
[Round "7.6"]
[White "Moracchini, Margaux"]
[Black "Tomasi, Elise"]
[Result "1/2-1/2"]
[ECO "C47"]
[WhiteElo "1994"]
[BlackElo "1988"]
[Annotator "TA"]
[PlyCount "69"]
[EventDate "2022.04.17"]
[EventType "swiss"]
[EventCountry "FRA"]
[SourceTitle "playchess.com"]
[Source "ChessBase"]
[SourceQuality "1"]
[TimeControl "5400+30"]

1. e4 e5 2. Nf3 Nf6 3. Nc3 Nc6 4. d4 Bb4 5. Bg5 h6 6. Bxf6 {[%emt 0:02:57] C47: Scotch Four Knights and Four Knights with 4 g3.} Qxf6 7. dxe5 Bxc3+ (7... Nxe5 {with more complications.} 8. Nxe5 Qxe5 9. Qd3 d6) 8. bxc3 Nxe5 {[%emt 0:00:14] [#]} 9. Nxe5 $146 ({Predecessor:} 9. Nd4 O-O 10. Qd2 a6 11. a4 Re8 12. Be2 Nc6 13. f3 Qh4+ 14. g3 Qf6 15. O-O {1-0 (32) Arroitajauregi Lekunberri,A-Irulegi Garmendia,J San Sebastian 2007}) 9... Qxe5 10. Qd4 d6 11. Bd3 O-O 12. O-O c5 13. Qxe5 {[%emt 0:09:58] The position is equal.} dxe5 14. Bc4 Be6 15. Bxe6 fxe6 $11 {[%emt 0:00:02][%mdl 4096] Endgame KRR-KRR} 16. Rfd1 Rfd8 {[%emt 0:00:38] Against Rd7} 17. Kf1 Kf7 18. Ke2 Ke7 19. Rab1 b6 20. a4 Rxd1 21. Rxd1 {[%emt 0:00:41] KR-KR} Rb8 22. c4 Rd8 23. Rxd8 Kxd8 {KP-KP} 24. g3 Ke7 25. Ke3 Kf6 26. Kf3 g5 27. Kg4 Kg6 28. h4 h5+ 29. Kh3 g4+ 30. Kg2 Kf6 31. f3 a5 32. Kf2 Kg6 33. Ke2 Kf6 34. Ke3 Kg6 35. fxg4 {[%emt 0:01:12] Weighted Error Value: White=0.04 (flawless) /Black=0.08 (flawless)} 1/2-1/2

[Event "French-ch Youth U18 2022"]
[Site "Agen"]
[Date "2022.04.22"]
[Round "7.7"]
[White "Renaudin, Axelle"]
[Black "Bellahcene, Sofia"]
[Result "0-1"]
[ECO "A06"]
[WhiteElo "1591"]
[BlackElo "1813"]
[Annotator "NA RC COMBH"]
[PlyCount "68"]
[EventDate "2022.04.17"]
[EventType "swiss"]
[EventCountry "FRA"]
[SourceTitle "playchess.com"]
[Source "ChessBase"]
[SourceQuality "1"]
[TimeControl "5400+30"]

1. Nf3 d5 2. c4 e6 3. e3 Nf6 4. Nc3 Bd6 5. d4 b6 6. cxd5 exd5 7. Bd3 O-O 8. O-O Bb7 9. Qc2 a6 10. Rd1 Qe7 11. Bf1 Ne4 12. g3 Nd7 13. Nxe4 dxe4 14. Nd2 Nf6 15. Nc4 Bc8 16. Nxd6 Qxd6 17. h3 Re8 18. Bd2 h5 19. Rac1 Ra7 20. a3 h4 21. Bb4 Qd8 22. Bg2 a5 23. Be1 Nh7 24. Qe2 Re6 25. Kh2 Ng5 26. gxh4 Qd6+ 27. Kh1 Nf3 28. Bxf3 Ba6 29. Qd2 exf3 30. d5 Rg6 31. Rc6 Qd7 32. Rxg6 Qxh3+ 33. Kg1 fxg6 34. e4 Qg2# 0-1

[Event "French-ch Youth U18 2022"]
[Site "Agen"]
[Date "2022.04.22"]
[Round "7.8"]
[White "Lordier, Sophia"]
[Black "Atli, Celine"]
[Result "1-0"]
[ECO "E04"]
[WhiteElo "1725"]
[BlackElo "1431"]
[Annotator "NA RC COMBH"]
[PlyCount "77"]
[EventDate "2022.04.17"]
[EventType "swiss"]
[EventCountry "FRA"]
[SourceTitle "playchess.com"]
[Source "ChessBase"]
[SourceQuality "1"]
[TimeControl "5400+30"]

1. d4 d5 2. c4 e6 3. Nf3 Nf6 4. g3 dxc4 5. Bg2 Bd7 6. O-O Nc6 7. Qc2 Bd6 8. Qxc4 Qe7 9. Nc3 O-O-O 10. Nb5 h6 11. Nxd6+ Qxd6 12. Bf4 Qb4 13. Qc2 g5 14. Bd2 Qd6 15. e4 Ne8 16. d5 exd5 17. exd5 Ne7 18. Nd4 Nxd5 19. Rac1 Nb4 20. Qc4 Nc6 21. Nxc6 Bxc6 22. Bb4 Qe6 23. Qxe6+ fxe6 24. Bxc6 bxc6 25. Rxc6 Nd6 26. Rfc1 Kb8 27. Rxc7 Nf5 28. R7c4 Rc8 29. Bc5 Ka8 30. Re4 Rc6 31. b4 Rhc8 32. Rce1 Re8 33. Re5 Ng7 34. Rd1 Ra6 35. Re2 Nf5 36. Rd7 e5 37. Rf7 Nd6 38. Rf6 Rd8 39. b5 1-0

[Event "French-ch Youth U18 2022"]
[Site "Agen"]
[Date "2022.04.23"]
[Round "8.1"]
[White "Avanesyan, Davit"]
[Black "Girel, Joseph"]
[Result "0-1"]
[ECO "B40"]
[WhiteElo "2065"]
[BlackElo "2394"]
[Annotator "TA"]
[PlyCount "100"]
[EventDate "2022.04.17"]
[EventType "swiss"]
[EventCountry "FRA"]
[SourceTitle "playchess.com"]
[Source "ChessBase"]
[SourceQuality "1"]
[TimeControl "5400+30"]

1. e4 c5 2. Nf3 e6 3. d4 cxd4 4. Nxd4 Nf6 5. Bd3 Nc6 6. Nxc6 bxc6 7. Nc3 d5 8. O-O Be7 9. Qe2 O-O {[%emt 0:01:09] B40: Sicilian: 2...e6, Unusual lines.} 10. b3 Nd7 {[%emt 0:03:10][%cal Bf6d7,Bd7c5,Bc5e4,Be4d6,Bd6f5,Bf5d4][%mdl 32] [#] 10...a5 gains popularity.} 11. Ba6 $146 (11. Na4 $11 {keeps the balance.}) ({Predecessor:} 11. Bb2 Bf6 12. Rad1 g6 13. f4 Bg7 14. e5 c5 15. Nb5 a6 16. Nd6 c4 17. Bxc4 dxc4 18. Qxc4 {1-0 (31) Czarnota,P (2502)-Kanarek,M (2484) Warsaw 2021}) 11... Bxa6 $1 $17 {[%emt 0:05:18] Black is better.} 12. Qxa6 Bf6 $1 13. Bb2 {[%emt 0:01:46] [#]} Nc5 $1 14. Qe2 Nxe4 15. Na4 Bxb2 16. Nxb2 Qa5 17. f3 Nd6 {[%emt 0:01:56] &Nero is more active.} 18. Nd3 Nf5 19. Qe5 Rae8 20. Qe1 Qb6+ 21. Qf2 e5 22. Qxb6 axb6 23. a4 Nd4 24. Nb4 (24. Ra2 $142) 24... Ra8 25. Rae1 f6 26. Rf2 Rac8 27. f4 e4 28. c4 dxc4 29. Rxe4 $2 {[%emt 0:00:16] White does not recover from this.} (29. bxc4 $17 Rfe8 30. Nc2) 29... c5 $19 (29... cxb3 30. Rxd4 c5 31. Rd3 $17) ({Not} 29... Nxb3 30. Rxc4 Na5 31. Rc3 $17) 30. Nd5 (30. bxc4 $142 f5 31. Rxd4 cxd4 32. Rc2) 30... cxb3 31. Ne7+ Kf7 32. Nxc8 Rxc8 {[%emt 0:00:01][%mdl 4096] Endgame KRR-KRN} 33. Rd2 {[%emt 0:08:08] [#]} (33. Rf1 $142 f5 34. Re5) 33... Re8 $2 (33... c4 $1 {[%cal Oc4c3] aiming for ...c3!} 34. Rdxd4 c3) 34. Rexd4 cxd4 {[%emt 0:00:02] KR-KR} 35. Kf2 b5 ({Worse is} 35... Ra8 36. Rxd4 b2 37. Rb4 $17) 36. a5 Ra8 37. Rxd4 Rxa5 38. Rb4 Ke6 ({Don't blunder} 38... Ra2+ $2 39. Kf3 $19) 39. Rxb3 Kd5 {[%emt 0:00:08] And now ...Kc4 would win.} 40. Rd3+ $2 (40. Rb2 {might work better.}) 40... Kc4 41. Rd7 b4 {[%emt 0:00:14] Hoping for ...b3.} 42. Ke3 b3 {[%emt 0:00:12] ( -> ...b2)} 43. Rb7 (43. Kd2 $19 Ra2+ 44. Kc1 Rc2+ 45. Kb1 Rxg2 46. h4) 43... Rb5 44. Rc7+ Rc5 45. Rb7 Kc3 46. Rxg7 b2 {[%emt 0:00:06] Black mates.} 47. Rb7 Rc4 48. Rxb2 Kxb2 49. g4 Kc3 50. h4 Kb4 {[%emt 0:00:16] Weighted Error Value: White=0.56/Black=0.12 (very precise)} 0-1

[Event "French-ch Youth U18 2022"]
[Site "Agen"]
[Date "2022.04.23"]
[Round "8.2"]
[White "Harutyunyan, Safar"]
[Black "Decuigniere, Tom"]
[Result "1/2-1/2"]
[ECO "B15"]
[WhiteElo "2217"]
[BlackElo "2292"]
[Annotator "TA"]
[PlyCount "83"]
[EventDate "2022.04.17"]
[EventType "swiss"]
[EventCountry "FRA"]
[SourceTitle "playchess.com"]
[Source "ChessBase"]
[SourceQuality "1"]
[TimeControl "5400+30"]

1. e4 c6 2. d4 d5 3. Nc3 dxe4 4. Nxe4 Nf6 5. Nxf6+ exf6 6. c3 Bd6 7. Bd3 O-O 8. Qc2 {[%emt 0:00:02] Active counter play!} Re8+ {[%emt 0:00:05] B15: Caro-Kann: 3 Nc3: 3...g6 and 3...dxe4 4 Nxe4 Nf6 5 Nxf6+ exf6.} 9. Ne2 h5 10. O-O h4 {[%emt 0:00:11] White has an edge.} 11. h3 Nd7 12. Bd2 Nf8 13. Rae1 Be6 14. b3 Qd7 15. f4 {[%emt 0:05:12] Black must now prevent f5.} f5 $1 16. c4 {[%emt 0:17:37] [#]} Ng6 $146 ({Predecessor:} 16... Be7 17. Be3 Bf6 18. Rd1 Bxc4 19. bxc4 Rxe3 20. Bxf5 Qe7 21. Bg4 Re8 22. Rd2 Ng6 {1-0 (38) De Silva,L (2220)-Mkrtchyan,M (2300) Chess.com INT 2022}) 17. Kh1 Rad8 18. a4 Qc8 19. Ba5 b6 20. Bc3 Re7 21. Qb2 Rc7 22. Qd2 Re7 23. Qb2 Rc7 24. Qd2 Re7 25. Bb1 Rde8 26. Ng1 (26. Nc1 $11) 26... Bd7 ({Better is} 26... Qb8 $15) 27. Rxe7 $11 Rxe7 28. d5 c5 (28... Qa8 {with more complications.} 29. dxc6 Bxc6 30. Bxf5 Re3) 29. Qb2 (29. Ne2 $11) 29... Nxf4 $17 {[%emt 0:00:21] Threatens to win with ...Qe8.} 30. Rxf4 $2 Bxf4 $19 31. Bxg7 Qe8 {[%emt 0:01:13] aiming for ...Re1.} 32. Bf6 $2 (32. Bc3 Re3 33. Bc2) 32... Be5 $2 (32... Re1 {[%cal Oe1g1] ( -> ...Rxg1+!)} 33. Bxh4 Be5 $1 ) 33. Bxe5 Rxe5 34. Nf3 {[%emt 0:00:22] Inhibits Re1+.} (34. Qd2 $142 Re1 35. Qg5+ Kf8 36. Qh6+ Ke7 37. Bc2) 34... Re2 35. Qf6 Qe7 (35... Re1+ 36. Nxe1 Qxe1+ 37. Kh2 $11) 36. Qh6 Qe3 {[%emt 0:07:11] Prevents Qf4.} (36... Rf2 $19 {is more deadly. Hoping for ...Rf1+.} 37. Qc1 (37. Bd3 $2 Rxf3 38. gxf3 Qe1+ 39. Kg2 Qg3+ 40. Kf1 Qxf3+ 41. Ke1 Qxd3 $19) 37... f4) 37. Qxh4 $17 Rb2 ({Don't play} 37... Qc1+ $6 38. Kh2 $11) ({Black should play} 37... Qxb3 $17 38. Qd8+ Kg7 39. Qg5+ Kf8 40. Qh6+ Kg8 41. Qg5+ Kf8 42. Qh6+ Ke8 43. Qh8+ Ke7 44. Qh4+ f6 45. Qh7+ Kd8 46. Bxf5 Bxf5 47. Qxf5 Qxa4) 38. Qg3+ $11 Kf8 39. Qd6+ Kg7 (39... Qe7 $5 40. Qb8+ Kg7 41. Qg3+ Kh8 $11) 40. Qg3+ Kf8 41. Qd6+ Ke8 {[#]} (41... Qe7 $11 42. Qb8+ Kg7 43. Qg3+ Kh8) 42. Bxf5 $1 {Weighted Error Value: White=0.37/Black=0.34} 1/2-1/2

[Event "French-ch Youth U18 2022"]
[Site "Agen"]
[Date "2022.04.23"]
[Round "8.3"]
[White "Eveno, Nathan"]
[Black "Maugenest, Ghislain"]
[Result "1-0"]
[ECO "C88"]
[WhiteElo "2107"]
[BlackElo "2256"]
[Annotator "TA"]
[PlyCount "183"]
[EventDate "2022.04.17"]
[EventType "swiss"]
[EventCountry "FRA"]
[SourceTitle "playchess.com"]
[Source "ChessBase"]
[SourceQuality "1"]
[TimeControl "5400+30"]

1. e4 e5 2. Nf3 Nc6 3. Bb5 a6 4. Ba4 Nf6 5. O-O Be7 6. Re1 b5 7. Bb3 O-O 8. a4 Rb8 9. axb5 axb5 10. c3 d6 11. h3 (11. d4 $5 Rb6 12. d5 $14) 11... Bb7 {[%emt 0:05:24] C88: Closed Ruy Lopez: Anti-Marshall Systems.} 12. d3 h6 13. Nbd2 Re8 {[%emt 0:00:41] White has an edge.} 14. Nf1 Bf8 15. Ng3 Ra8 {[%emt 0:12:43] [#]} 16. Rxa8 $146 ({Predecessor:} 16. Bd2 Na5 17. Bc2 c5 18. Nf5 Nc6 19. g4 Rxa1 20. Qxa1 d5 21. g5 Nh5 22. gxh6 g6 23. Ng5 Qf6 24. h7+ {½-½ (26) Raaste,E (2370)-Valkesalmi,K (2390) Helsinki 1987}) 16... Bxa8 17. Nh2 Nb8 18. Ng4 Nbd7 19. Qf3 $1 c6 {[%emt 0:16:05] [#]} 20. Nh5 $1 {[%emt 0:05:50][%cal Oc1h6][%mdl 512] &Bianco is much more active.} d5 (20... Qe7 21. Nhxf6+) 21. Nhxf6+ Nxf6 {[%emt 0:00:02] [#]} 22. Bxh6 $1 Nxg4 23. Qxg4 Qd6 24. Be3 b4 25. Ra1 Bb7 26. Qh5 Bc8 (26... Qe7 $142 27. exd5 (27. Ra7 Ra8 $16) 27... cxd5) 27. exd5 $16 ({Resist} 27. Ra7 Be6 $16) 27... cxd5 28. d4 g6 {[%emt 0:03:58] [#]} (28... Bb7 $16 {was necessary.} 29. Ra7 Re7) 29. Qh4 (29. dxe5 $1 $18 Rxe5 30. Qd1) 29... bxc3 $14 30. bxc3 Bg7 31. dxe5 Bxe5 32. Bd4 Bf5 33. Bxe5 (33. Rd1 {keeps more tension.} Be4 34. f3 Bxd4+ 35. Rxd4 Qa3 36. Bxd5 Bxd5 37. Rxd5 Qxc3 38. Kh2) 33... Qxe5 34. Qd4 Qxd4 35. cxd4 $16 {[%emt 0:00:06][%mdl 4096] Endgame KRB-KRB} Be6 36. Ra5 Rd8 37. h4 Kf8 38. Kh2 Ke7 39. Kg3 Kd6 40. Kf4 Rb8 41. Ra6+ Ke7 42. Ra3 Rb4 43. Ke3 Kf6 44. Ba2 Rb5 {Prevents Ra5.} 45. f3 Rb2 46. g4 {[%emt 0:01:16] aiming for Ra5.} Rh2 (46... Ke7 $142) 47. Ra5 $1 Rxh4 48. Bxd5 Bxd5 49. Rxd5 {[%emt 0:00:01] Hoping for Re5. KR-KR} Rh1 50. Re5 (50. Ra5 $16) 50... Rg1 $2 (50... Re1+ $11 51. Kf4 Rxe5 52. dxe5+ Ke6) 51. Kf4 $18 Rd1 52. g5+ Kg7 53. Ke4 Kf8 54. Kd5 Ra1 55. f4 $2 (55. Kc6 $18 f6 56. gxf6) 55... f6 $1 $11 56. gxf6 {[%emt 0:00:32] Threatens to win with Re7.} Kf7 57. Ke4 Kxf6 58. Rb5 Re1+ 59. Kf3 Rd1 60. Rd5 Ke6 61. Re5+ Kd6 62. Kg4 Rxd4 63. Kg5 Kd7 64. Re1 Rd6 65. Re4 Ra6 66. Kh6 {[%emt 0:00:33] Threatening mate with Kg7.} Rf6 $2 {[%emt 0:00:50][%mdl 8192] White stays focused until the end.} (66... Rd6 $11) 67. Kg7 $1 Ra6 68. Kf7 Rb6 69. Re7+ Kd8 70. Re8+ Kd7 71. Re7+ Kd8 72. Re6 {[%emt 0:00:28] White mates.} Rb4 73. Rd6+ Kc7 74. Rf6 Kd7 75. Kxg6 Ke7 76. Kg7 Rb1 {[%emt 0:02:08] [#]} 77. f5 $1 Rf1 78. Re6+ Kd7 79. Kf6 Rf2 80. Re1 Rf3 81. Kg6 Rf2 82. f6 Rf3 83. Kg7 Rf2 84. f7 Rg2+ {[%emt 0:00:02] [#]} 85. Kf8 $1 Rg3 86. Rd1+ Kc7 87. Rd5 Kc6 88. Rh5 Kd7 89. Rh7 Ke6 90. Rg7 Rf3 91. Kg8 Ke7 92. f8=Q+ {[%emt 0:00:10] Weighted Error Value: White=0.25 (precise) /Black=0.26 (precise)} 1-0

[Event "French-ch Youth U18 2022"]
[Site "Agen"]
[Date "2022.04.23"]
[Round "8.4"]
[White "Mas, Victor"]
[Black "Fardet, Elouan"]
[Result "0-1"]
[ECO "E61"]
[WhiteElo "2190"]
[BlackElo "2162"]
[Annotator "TA"]
[PlyCount "104"]
[EventDate "2022.04.17"]
[EventType "swiss"]
[EventCountry "FRA"]
[SourceTitle "playchess.com"]
[Source "ChessBase"]
[SourceQuality "1"]
[TimeControl "5400+30"]

1. d4 Nf6 2. c4 g6 3. Nc3 Bg7 4. Nf3 O-O 5. Bg5 d6 6. e3 c5 7. Be2 {[%emt 0:00:04] 7.d5 is the fancy move.} h6 8. Bh4 Bf5 {[%emt 0:07:43] has lost popularity (8...g5).} 9. h3 {[%emt 0:00:35] E61: King's Indian: Early deviations for White, including Smyslov System.} (9. O-O {should be considered.}) 9... Ne4 (9... Qb6 {seems wilder.} 10. Bxf6 Qxb2 11. Nd5 Bxf6 12. O-O Nc6) 10. Nxe4 Bxe4 11. O-O $1 {[%emt 0:00:17] The position is equal.} cxd4 {[%emt 0:12:08] [#]} 12. exd4 $146 ({Predecessor:} 12. Nxd4 Nc6 13. Qd2 Re8 14. Nb5 Bf5 15. Rac1 Rc8 16. f3 a6 17. Nc3 Qa5 18. Bf2 b5 19. cxb5 axb5 20. Qd5 Na7 21. e4 Be6 22. Qb7 Ra8 {½-½ (22) Law,A-Speelman,J Clacton on Sea/ Essex 1974}) 12... d5 13. Qb3 (13. Ne5 $11) 13... Nc6 $15 14. Rad1 dxc4 15. Qe3 Bd5 16. Ne5 $1 g5 17. Bg3 Nxe5 ({Black should try} 17... b5 $15) 18. dxe5 $11 Qa5 19. f4 Rfd8 20. Kh2 Qb6 $36 {[%emt 0:00:26][%mdl 2048] Black has the initiative.} 21. Qc1 gxf4 22. Rxf4 Be6 {[%emt 0:01:47] And now ...Rxd1 would win.} (22... Bxe5 $2 23. Rg4+ Bg7 24. Be5 $18) 23. Rdf1 (23. Bxc4 $11 Bxe5 24. Bxe6 Bxf4 25. Bxf7+ Kg7 26. Bxf4 Rxd1 27. Qxd1) 23... Bxe5 $17 {[%emt 0:01:42] &Nero is more active.} 24. Bh5 {[%emt 0:01:27][%cal Of4g4] [#] Black must now prevent Rg4+!} Qxb2 ({Worse is} 24... Bxf4 25. Qxf4 Rd5 26. Bxf7+ Kg7 27. Qxc4 Bxf7 28. Rxf7+ Kxf7 29. Qxd5+ Qe6 30. Qf3+ Kg8 31. Qxb7 $15) (24... Bxb2 $17 25. Qe1 Rf8) 25. Qe3 {[%emt 0:02:08][%mdl 8192] White is on the road to losing.} (25. Bxf7+ $11 Bxf7 26. Rg4+ Kf8 27. Qxh6+ Bg7 28. Rxf7+ Kxf7 29. Qh5+ Kf8 30. Rf4+ Bf6 31. Qh8+ Kf7 32. Qh7+ Ke6 33. Qf5+ Kf7 34. Qh7+ Ke8 35. Qg8+ Kd7 36. Qd5+ Ke8 37. Qg8+ Kd7 38. Qd5+ Ke8 39. Qg8+) 25... Bxf4 $19 26. Bxf4 Rd3 27. Qc5 Rd5 28. Bxf7+ Bxf7 29. Qe3 Qd4 30. Qg3+ Qg7 31. Qh4 {[%emt 0:00:48] [#]} Rg5 $1 32. Bxg5 hxg5 33. Qg3 Rd8 34. Qc7 Qd4 35. Kh1 Qd6 36. Qa5 Qd5 37. Qc7 Rd7 38. Qb8+ Kg7 39. Qg3 Rd6 40. Re1 Re6 41. Qc3+ Kg8 {[%emt 0:00:04] ...Rxe1+ is the strong threat.} 42. Rf1 Qd3 43. Qc1 Rg6 {[%emt 0:00:14] aiming for ...Bd5.} 44. Rf3 Qd4 {[%emt 0:00:22] Hoping for ...g4.} 45. Qe1 g4 {[%emt 0:01:08] Black mates.} 46. Rg3 gxh3 47. Rxh3 Bd5 48. Rh2 Qe4 49. Qa1 e5 50. Qf1 Rxg2 51. Rh8+ Kxh8 52. Qf8+ Rg8+ {[%emt 0:00:05] Weighted Error Value: White=0.53/Black=0.17 (very precise)} 0-1

[Event "French-ch Youth U18 2022"]
[Site "Agen"]
[Date "2022.04.23"]
[Round "8.5"]
[White "Blanquet, Camille"]
[Black "Lordier, Sophia"]
[Result "1-0"]
[ECO "D35"]
[WhiteElo "1928"]
[BlackElo "1725"]
[Annotator "TA"]
[PlyCount "73"]
[EventDate "2022.04.17"]
[EventType "swiss"]
[EventCountry "FRA"]
[SourceTitle "playchess.com"]
[Source "ChessBase"]
[SourceQuality "1"]
[TimeControl "5400+30"]

1. d4 d5 2. c4 e6 3. Nc3 Nf6 4. cxd5 exd5 5. Bg5 Be7 6. e3 O-O 7. Bd3 b6 8. Bxf6 Bxf6 9. Qh5 g6 10. Qxd5 c6 11. Qxd8 Rxd8 12. Nf3 {[%emt 0:03:17] D35: Queen's Gambit Declined: Exchange Variation.} Bb7 13. O-O-O Na6 {[%emt 0:04:58] [#]} 14. Rhe1 $146 {[%emt 0:05:45] White is better.} ({Predecessor:} 14. Be4 Rac8 15. Kb1 Nc7 16. Rc1 Ba8 17. Rhd1 Kg7 18. Rc2 h6 19. Rcd2 Be7 20. Ne5 {1-0 (66) Cwiek,R (1843)-Kozlowski,M (2009) Szklarska Poreba 2020}) 14... Rac8 15. Kb1 Bg7 16. Bc4 {[%emt 0:03:58] &Bianco is more active.} ({Better is} 16. Be4 $16) 16... c5 (16... b5 $1 $14 17. Be2 c5) 17. d5 $1 $18 Nc7 18. d6 Ne6 {[%emt 0:21:54] [#]} 19. Nb5 (19. e4 $1 $18 {is more deadly.}) 19... Rd7 {[%emt 0:05:18] [#]} (19... a6 $16 {might work better.}) 20. e4 $1 a6 21. Bxe6 fxe6 22. Nc7 e5 23. Nd5 {[%emt 0:04:05] Prevents Bf6.} Bxd5 24. Rxd5 ({Of course not} 24. exd5 $6 Rf8 $11) 24... Re8 25. Red1 Kf7 (25... Re6 {keeps fighting.} 26. b3 Bf6) 26. a4 Red8 27. Ng5+ Kf6 (27... Kg8 $142 28. a5 Rb8) 28. Nxh7+ Ke6 {[%emt 0:00:18] Strongly threatening ...Bh6.} 29. Ng5+ Kf6 30. Nf3 Ke6 31. a5 {[%emt 0:02:20] Hoping for Ng5+.} Rxd6 32. axb6 Rxd5 33. Rxd5 Rxd5 (33... Rb8 34. Rxc5 Rxb6) 34. exd5+ {[%emt 0:00:32] KB-KN. White is clearly winning.} Kd6 35. Nd2 e4 36. Nc4+ Kxd5 {[%emt 0:00:10] [#]} 37. b7 $1 {[%emt 0:00:08] Weighted Error Value: White=0.17 (very precise) /Black=0.41} 1-0

[Event "French-ch Youth U18 2022"]
[Site "Agen"]
[Date "2022.04.23"]
[Round "8.6"]
[White "Tomasi, Elise"]
[Black "Randrianarimanana, Alicia"]
[Result "1-0"]
[ECO "A49"]
[WhiteElo "1988"]
[BlackElo "1985"]
[Annotator "TA"]
[PlyCount "81"]
[EventDate "2022.04.17"]
[EventType "swiss"]
[EventCountry "FRA"]
[SourceTitle "playchess.com"]
[Source "ChessBase"]
[SourceQuality "1"]
[TimeControl "5400+30"]

1. d4 Nf6 2. Nf3 g6 3. g3 Bg7 4. Bg2 O-O 5. O-O d6 6. a4 Nbd7 7. a5 a6 8. c4 {[%emt 0:07:10] A49: 1 d4 Nf6 2 Nf3 g6 3 g3: Anti-King's Indian systems.} e5 9. dxe5 dxe5 10. Nc3 {[%emt 0:06:04] [#] White has an edge.} c6 $146 ({Predecessor:} 10... h6 11. Qc2 Re8 12. e4 Nc5 13. Be3 Ncd7 14. h3 c6 15. c5 Qc7 16. Nd2 Bf8 {1-0 (38) Stefanova,A (2486)-Bivol,A (2393) St Petersburg 2018}) 11. Qc2 Qc7 (11... Nc5 $11) 12. b3 ({White should try} 12. b4 $16) 12... Re8 (12... Nc5 {seems wilder.} 13. Ba3 Bf5 14. Qa2 Nfd7) 13. Bb2 b6 14. axb6 Qxb6 15. Na4 Qc7 16. Rfd1 h6 17. c5 Rb8 18. Nd2 $1 {[%emt 0:02:18] Against e4} Bf8 19. Ba3 Nd5 20. Nc4 (20. Bxd5 $6 cxd5 21. c6 Nf6 $11) 20... N7f6 (20... Nb4 $16 {was necessary.} 21. Qd2 a5) 21. Nd6 (21. e4 $18) 21... Rd8 $16 22. Rab1 a5 {[%emt 0:00:34] [#]} (22... Be6 $142) 23. Qb2 {[%emt 0:00:57] White is more active.} ({White should play} 23. Bb2 $1 $16) 23... Qe7 (23... e4 $11 {keeps the balance.}) 24. Qd2 ({Better is} 24. Nb6 $16) 24... Qa7 {[%emt 0:01:12] [#]} (24... Ba6 $14) 25. Qb2 $2 (25. Bxd5 cxd5 26. Nxc8 Rbxc8 $11) (25. Bb2 $1 $16 ) 25... Ng4 (25... Qe7 $11) 26. e4 Nde3 (26... Nc7 $16 {was called for.}) 27. fxe3 $18 Bxd6 28. Qc3 $2 ({Not} 28. cxd6 $2 Qxe3+ 29. Kh1 Nf2+ 30. Qxf2 Qxf2 $19) ({Worse is} 28. Rxd6 Rxd6 29. Qc3 (29. cxd6 $2 {too greedy.} Qxe3+ 30. Kh1 Nf2+ 31. Qxf2 Qxf2 $19) 29... Re6 $17) (28. h3 $18 Bc7 29. Rxd8+ Bxd8 30. hxg4) 28... Be7 29. Rxd8+ Bxd8 30. h3 $36 {[%emt 0:00:11][%mdl 2048] White has some pressure.} Nf6 31. Qxe5 Be6 (31... Qc7 $5 32. Qf4 Be6 $11) 32. Nb6 Qc7 33. Bb2 {[%emt 0:01:09] aiming for Qxc7.} Bxb3 $2 {[%emt 0:00:39][%mdl 8192] A mistake that costs the game.} (33... Qxe5 $14 34. Bxe5 Rb7) 34. Qxc7 {[%emt 0:00:07] White is clearly winning.} Bxc7 35. Bxf6 a4 36. Bd4 Bxg3 (36... Re8 $142 37. e5 Re6) 37. e5 Rb7 {[%emt 0:01:37] [#]} 38. Nxa4 $1 Rb4 (38... g5 39. Nc3) 39. Nb6 Bh4 40. Bxc6 Bd8 41. Bd5 {[%emt 0:00:43] Weighted Error Value: White=0.33/Black=0.66} 1-0